AoeStats
← Eh Low

Arena

509187109Analyzed
2v2 RM · 8d ago on Sep 25, 2026· 17m 20s· 4 players
Game mode
Random Map
Map size
Medium (4 player)
Population
200
Speed
Normal
Resources
Standard
Victory
Conquest
Starting age
Dark Age
Ending age
Imperial Age
RankedLock teamsTeams togetherTeam positionsShared explorationLock speedFull tech treeHidden civsTurbo modeCheats
Victory
Defeat
🇬🇧 Ethiopians · United Kingdom
793
+18
🇬🇧 Spanish · United Kingdom
783
+18
🇩🇪 Turks · Germany
837
-18
🇩🇪 Slavs · Germany
823
-18
m_1_smith
10:44 Feudal Age
14:31 Castle Age
14:10 Double-Bit Axe
14:10 Horse Collar
Bad Loser
11:17 Feudal Age
13:37 Loom
13:54 Double-Bit Axe
16:21 Castle Age
De Front-Boeuf
5:08 Loom
12:59 Feudal Age
18:06 Castle Age
16:52 Stone Mining
16:48 Double-Bit Axe
16:46 Horse Collar
Eh Low
11:36 Loom
13:25 Feudal Age
12:42 Loom
18:17 Castle Age
16:04 Double-Bit Axe
16:01 Horse Collar
17:01 Man-at-Arms
Connection lost

Rejoining the realm…

Still unreachable

The connection could not be restored.

Session expired

The server has moved on; the page needs a fresh start.